 Dungeon Crawl Stone Soup version 0.16.1-11-g651b585 (webtiles) character file.

112 Trafet the Caller (level 4, -7/33 HPs)
             Began as a Demigod Summoner on Apr 5, 2015.
             Mangled by an orc warrior
             ... wielding a +0 war axe
              (21 damage)
             ... on level 3 of the Dungeon.
             The game lasted 00:13:46 (4342 turns).

Trafet the Caller (Demigod Summoner)                Turns: 4342, Time: 00:13:46

Health: -7/33      AC:  4    Str: 11    XL:     4   Next: 37%
Magic:  4/12       EV: 12    Int: 21    God:
Gold:   129        SH:  0    Dex: 16    Spells: 3 memorised, 3 levels left

rFire  + . .     SeeInvis .     s - -2 quarterstaff (curse)
rCold  . . .     Clarity  .     a - +1 robe
rNeg   . . .     SustAb   +     (no shield)
rPois  .         Gourm    .     n - +0 helmet
rElec  .         Spirit   .     (no cloak)
rCorr  .         Warding  .     (no gloves)
rMut   +         Stasis   .     (no boots)
MR     .....                    r - amulet of resist mutation
Stlth  ++........               (no ring)
                                e - ring of protection from fire

@: not resistant to hostile enchantments, unstealthy
A: sustain abilities
a: no special abilities


You were on level 3 of the Dungeon.
You were hungry.

You visited 1 branch of the dungeon, and saw 4 of its levels.

You collected 129 gold pieces.

Inventory:

Hand weapons
 i - a +0 dagger
 s - a cursed -2 quarterstaff (weapon)
 t - a +0 hand axe
Armour
 a - a +1 robe (worn)
 n - a +0 helmet (worn)
Jewellery
 e - a ring of protection from fire (left hand)
 r - an amulet of resist mutation (around neck)
Magical devices
 q - a wand of random effects (10)
Scrolls
 f - 2 scrolls of fog
 p - 2 scrolls of identify
Potions
 j - a potion of haste {unknown}
 m - a potion of berserk rage {unknown}
 o - a potion of beneficial mutation {unknown}
Books
 b - a book of Callings

   Spells                             Type                      Level
   a - Summon Small Mammal            Summoning                    1
   b - Call Imp                       Summoning                    2
   c - Call Canine Familiar           Summoning                    3
   d - Summon Guardian Golem          Hexes/Summoning              4
   e - Summon Lightning Spire         Summoning/Air                4
   f - Summon Ice Beast               Ice/Summoning                4
 u - a book of Frost

   Spells                             Type                      Level
   a - Freeze                         Ice                          1
   b - Throw Frost                    Conjuration/Ice              2
   c - Ozocubu's Armour               Charms/Ice                   3
   d - Throw Icicle                   Conjuration/Ice              4
   e - Summon Ice Beast               Ice/Summoning                4
   f - Condensation Shield            Ice                          4
Comestibles
 c - 2 bread rations
 d - 2 meat rations
 g - a royal jelly
 h - 3 chunks of flesh
 k - a slice of pizza
 l - a fruit


   Skills:
 - Level 1.7 Dodging
 - Level 1.8 Stealth
 + Level 3.1 Spellcasting
 + Level 4.6 Summonings


You had 3 spell levels left.
You knew the following spells:

 Your Spells              Type           Power        Failure   Level  Hunger
a - Summon Small Mammal   Summ           ###.         1%          1    None
b - Call Imp              Summ           ###.....     3%          2    ##.....
c - Call Canine Familiar  Summ           ###.....     10%         3    ###....


Dungeon Overview and Level Annotations

Branches:
Dungeon (4/15)
 Temple: D:4-7


Innate Abilities, Weirdness & Mutations

Your attributes are resistant to harm.


Message History

Your hound barely misses the orc.
Your white imp hits the orc warrior but does no damage.
Unknown command.
You closely miss the orc warrior.
Your hound barely misses the orc.
Your crimson imp blinks!
The orc warrior barely misses you.
The orc warrior hits your white imp with a war axe.
Your white imp dies!
Your hound bites the orc.
Unknown command.
Your hound bites the orc.
The orc misses something.
The orc warrior hits you with a war axe!
You climb upwards.
There is a stone staircase leading down here.
Read which item? (? for menu, Esc to quit)
Okay, then.
You are feeling hungry.
The orc warrior hits you with a war axe!!
Ouch! That really hurt!
You die...

..# #....รท.........# #.#
..# #####.######.####### #.#
#.# #...#.## #.# #.# #.#
#...+..# #.# #.# #.#
#...#..# #.# #.#
#.###...#..#####.#########.#
................>..........#
#.#######..###.o...........#
#.# #..# ###@#.#.#####.# #.#
##..# #.#.#.#####.# #.#
#...#####.#.........# #.#
#...........#.#####.#
..######...#####.#.#.# #.#
............# #.#.#.# #.#
...........#####.#.#.#####.#
..........)................#
..###.....(#####.#.#.#####.#


You could see an orc warrior.

Vanquished Creatures
  A giant gecko (D:3)
  A ball python (D:1)
  4 bats
  2 giant cockroaches
  4 goblins
  3 hobgoblins
  3 jackals (D:3)
  A kobold (D:3)
  3 giant newts
  3 rats (D:1)
25 creatures vanquished.

Vanquished Creatures (collateral kills)
  The ghost of raikaria the Magician, a weakling DrWz (D:3)
  Terence (D:3)
  3 adders
  2 worms (D:3)
  2 orcs
  2 giant cockroaches (D:2)
  6 goblins
  7 hobgoblins
  3 jackals (D:3)
  6 kobolds
  4 bats
  5 giant newts
  A rat (D:3)
  A spectral orc (D:2)
44 creatures vanquished.

Vanquished Creatures (others)
  A white imp (D:4)
  3 bats
  2 quokkas (D:1)
  3 rats
9 creatures vanquished.

Grand Total: 78 creatures vanquished

Notes
Turn   | Place    | Note
--------------------------------------------------------------
     0 | D:1      | Trafet, the Demigod Summoner, began the quest for the Orb.
     0 | D:1      | Reached XP level 1. HP: 14/14 MP: 3/3
   702 | D:1      | Reached XP level 2. HP: 10/20 MP: 4/4
   893 | D:1      | Reached skill level 4 in Summonings
   953 | D:1      | Learned a level 2 spell: Call Imp
  2005 | D:2      | Found a snail-covered altar of Cheibriados.
  2008 | D:2      | Reached XP level 3. HP: 26/26 MP: 8/8
  2095 | D:2      | Learned a level 3 spell: Call Canine Familiar
  2217 | D:2      | Found a basalt altar of Yredelemnul.
  2962 | D:3      | Noticed raikaria's ghost (weakling DrWz)
  3071 | D:3      | Killed raikaria's ghost
  3313 | D:3      | Noticed Terence
  3334 | D:3      | Killed Terence
  3334 | D:3      | Reached XP level 4. HP: 15/33 MP: 1/12
  3732 | D:3      | Found a sacrificial altar of Ru.
  4304 | D:4      | Noticed an orc warrior
  4309 | D:4      | Noticed an ogre
  4342 | D:3      | Mangled by an orc warrior

Action                   |  1- 3 |  4- 6 || total
-------------------------+-------+-------++-------
Melee: Hand axe          |   118 |       ||   118
       Unarmed           |     8 |       ||     8
       Dagger            |     3 |       ||     3
       Quarterstaff      |       |    44 ||    44
 Cast: Summon Small Mamm |    47 |     4 ||    51
       Call Imp          |    15 |    13 ||    28
       Call Canine Famil |     4 |     3 ||     7
  Use: Scroll            |     7 |     2 ||     9
       Potion            |     1 |       ||     1
 Stab: Sleeping          |     2 |     1 ||     3
       Distracted        |     2 |       ||     2
  Eat: Chunk             |     6 |     4 ||    10
       Fruit             |     1 |       ||     1
       Pizza             |     1 |       ||     1
